 Dungeon Crawl Stone Soup version 0.19.1 (webtiles) character file.

80178 Host24 the Sharpshooter (level 16, -4/112 HPs)
             Began as a Kobold Hunter on Dec 29, 2016.
             Was a High Priest of Okawaru.
             Killed by divine providence
             ... invoked by a meliai
              (14 damage)
             ... on level 13 of the Dungeon on Dec 30, 2016.
             The game lasted 02:30:06 (43461 turns).

Host24 the Sharpshooter (Kobold Hunter)            Turns: 43461, Time: 02:30:07

Health: -4/112     AC: 10    Str: 12      XL:     16   Next: 13%
Magic:  19/21      EV: 34    Int:  6 (9)  God:    Okawaru [*****.]
Gold:   2068       SH:  0    Dex: 22      Spells: 0 memorised, 15 levels left

rFire  . . .     SeeInvis .     e - +0 arbalest
rCold  + . .     Gourm    .     G - +3 leather armour {rC+}
rNeg   . . .     Faith    .     (shield currently unavailable)
rPois  .         Spirit   .     (no helmet)
rElec  +         Reflect  .     s - +0 cloak
rCorr  .         Harm     .     M - +0 pair of gloves
MR     ++...                    y - +0 pair of boots {Stlth+}
Stlth  ++++++....               (no amulet)
                                l - ring of stealth
                                E - ring "Ythuc" {rElec MR+ Int-3 Dex+2 Slay+2} (curse)

@: heroism, very slightly contaminated, hasted, very quick
A: carnivore 3
a: Heroism, Finesse, Renounce Religion


You were on level 13 of the Dungeon.
You worshipped Okawaru.
Okawaru was extremely pleased with you.
You were very full.

You visited 4 branches of the dungeon, and saw 22 of its levels.

You collected 2068 gold pieces.

Inventory:

Hand Weapons
 c - a +1 war axe of freezing
 e - a +0 arbalest (weapon)
 V - a +4 quarterstaff of protection
Missiles
 a - 86 stones
 b - 37 arrows
 d - 108 bolts (quivered)
Armour
 s - a +0 cloak (worn)
 y - a +0 pair of boots of stealth (worn)
 G - a +3 leather armour of cold resistance (worn)
 M - a +0 pair of gloves (worn)
Jewellery
 l - a ring of stealth (right hand)
 E - the cursed ring "Ythuc" (left hand) {rElec MR+ Int-3 Dex+2 Slay+2}
   (You found it on level 6 of the Lair of Beasts)

   [ring of intelligence]

   It affects your intelligence (-3).
   It affects your dexterity (+2).
   It affects your accuracy and damage with ranged weapons and melee attacks
   (+2).
   It insulates you from electricity.
   It affects your resistance to hostile enchantments.
   It has a curse placed upon it.
Wands
 i - a wand of iceblast (11/15)
 k - a wand of enslavement (9/24)
 n - a wand of iceblast (7/15)
 p - a wand of confusion (27/48)
 r - a wand of confusion (26/48)
Scrolls
 g - a scroll of amnesia
 h - a scroll of fog
 m - a scroll of enchant armour
 o - a scroll of fear
 q - a scroll of identify
 S - 4 scrolls of magic mapping
Potions
 j - a potion of haste
 H - 5 potions of cancellation
 K - 3 potions of brilliance
 O - 2 potions of flight
 Q - a potion of resistance
Miscellaneous
 v - a box of beasts
 F - a lamp of fire
Comestibles
 f - 8 meat rations


   Skills:
 - Level 17.0(22.0) Fighting
 - Level 1.0(6.0) Staves
 + Level 17.5(22.5) Crossbows
 - Level 2.0(7.0) Armour
 - Level 16.3(21.3) Dodging
 - Level 1.3(6.3) Stealth
 - Level 7.5 Invocations


You had 15 spell levels left.
You didn't know any spells.

Dungeon Overview and Level Annotations

Branches:
Dungeon (13/15)            Temple (1/1) D:4            Lair (6/6) D:11
 Shoals (0/4) Lair:4       Spider (0/4) Lair:2        Slime (0/5) Lair:6
    Orc (2/2) D:10            Elf (0/3) Orc:2
 Vaults: D:13-14

Altars:
Ashenzari
Cheibriados
Dithmenos
Elyvilon
Fedhas
Gozag
Hepliaklqana
Kikubaaqudgha
Makhleb
Nemelex Xobeh
Okawaru
Qazlal
Ru
Sif Muna
Trog
Uskayaw
Vehumet
Xom
Yredelemnul
Zin
The Shining One
Beogh

Shops:
D:9 }   D:10 :   Orc:2 (([(

Annotations:
D:9 Kave's ghost, novice TrTm


Innate Abilities, Weirdness & Mutations

You are small and have problems with some larger weapons.
You are carnivorous and can eat meat at any time.


Message History

The meliai calls upon its god to heal the meliai.
The meliai is healed somewhat.
You feel yourself speed up. The meliai misses you. x2
The meliai barely misses you. The meliai misses you.
The meliai calls down the wrath of its god upon you.
Something smites you!
* * * LOW HITPOINT WARNING * * *
You are very lightly contaminated with residual magic.
You gain the combat prowess of a mighty hero.
The meliai calls upon its god to heal the meliai.
The meliai is healed somewhat.
The meliai misses you. The meliai completely misses you.
Firing (i - inventory. (,) - cycle):
d - 109 bolts (quivered)
Press: ? - help, Shift-Dir - straight line, f/p - meliai
Aim: a meliai, wielding a war axe and wearing a robe (lightly wounded)
You shoot a bolt. The bolt hits the meliai.
The meliai is lightly wounded.
The meliai invokes the aid of its god against you.
Something smites you!
You die...

### ##### #.#
..%.%.###################.#
y%%y..'..y.y##....##......#
yyyyyy#####..'....'..####.###.###
..y.. ####..y.#### #.....#.# yy.%
#.yyy# #.#####.. ... ###y##
#.....).# .. #@# ######.## # +##
#.# #.## ..# #.## #... #.# #..#
#########. #.# #######.###
#<........ ###.# #.........##
#.........
.##.#######............#.........
.........##.........##...........
###.####..#.......>.# #.........


You could see 2 meliai and 3 killer bees.

Vanquished Creatures
  2 orc warlords
  Josephine (Lair:4)
  9 hydras
  4 death yaks
  A queen ant (Lair:4)
  2 orc high priests
  2 unseen horrors (D:12)
  A hill giant (D:13)
  An orc knight (Orc:2)
  2 ugly things (D:12)
  4 orc sorcerers
  A manticore (Lair:3)
  An oklob plant (Lair:5)
  2 cyclopes
  29 elephants
  Maurice (D:9)
  Joseph (D:7)
  6 black mambas
  A torpor snail (Lair:3)
  A gargoyle (D:12)
  8 spiny frogs
  5 rime drakes
  12 komodo dragons
  3 trolls
  Prince Ribbit (D:9)
  A two-headed ogre (Orc:1)
  A slime creature (Lair:6)
  24 blink frogs
  3 polar bears
  A hornet (D:9)
  16 hippogriffs
  A spriggan (Lair:3)
  2 wyverns
  A vampire (D:12)
  4 wraiths
  50 yaks
  A hill giant zombie (D:10)
  3 vampire mosquitoes (D:13)
  5 hungry ghosts
  3 basilisks
  5 wargs
  21 soldier ants
  17 water moccasins
  11 porcupines
  37 orc warriors
  6 ice beasts
  5 phantoms
  5 black bears
  4 sky beasts
  10 ogres
  18 wolves
  9 centaurs
  23 crocodiles
  A big kobold (D:10)
  16 bullfrogs
  2 scorpions
  10 killer bees
  2 troll zombies (D:10)
  11 wights
  7 electric eels
  11 crimson imps
  A bullfrog zombie (D:8)
  Crazy Yiuf (D:3)
  2 centaur zombies
  2 quasits
  17 orc priests
  6 jellies
  4 bullfrog skeletons
  10 hounds
  Natasha (twice) (D:2)
  A centaur skeleton (D:7)
  3 iguanas
  29 orc wizards
  18 hell rats
  23 worker ants
  3 ogre zombies (D:10)
  A hound skeleton (D:11)
  4 worker ant zombies
  12 adders
  A howler monkey skeleton (D:9)
  15 river rats (Lair:5)
  6 shadow imps
  3 oozes
  2 adder zombies
  6 worms
  A dart slug (D:1)
  7 leopard geckos
  110 orcs
  A ball python (D:4)
  10 bats
  5 giant cockroaches
  7 goblins
  6 hobgoblins
  7 jackals
  14 kobolds
  A quokka (D:7)
  2 frilled lizards
  A goblin skeleton (D:10)
  3 goblin zombies (D:10)
  2 hobgoblin zombies (D:10)
  2 leopard gecko skeletons
  A leopard gecko zombie (D:7)
  An orc skeleton (D:10)
  12 orc zombies (D:10)
  2 quokka skeletons
  20 rats
  A fungus (Lair:4)
  4 plants
840 creatures vanquished.

Vanquished Creatures (collateral kills)
  A hound (D:5)
1 creature vanquished.

Vanquished Creatures (others)
  A wizard (D:5)
  A wraith (Lair:5)
  An orc wizard (D:7)
  An orc (Orc:2)
  4 bushes
  53 fungi
  39 plants
100 creatures vanquished.

Grand Total: 941 creatures vanquished

Notes
Turn   | Place    | Note
-------+----------+-------------------------------------------
     0 | D:1      | Host24 the Kobold Hunter began the quest for the Orb.
     0 | D:1      | Reached XP level 1. HP: 12/12 MP: 1/1
   308 | D:1      | Reached XP level 2. HP: 4/18 MP: 2/2
   884 | D:1      | Reached XP level 3. HP: 19/23 MP: 3/3
   933 | D:1      | Reached skill level 5 in Crossbows
  1535 | D:2      | Reached XP level 4. HP: 15/29 MP: 4/4
  2014 | D:2      | Noticed Natasha
  2020 | D:2      | Killed Natasha
  2120 | D:2      | Reached XP level 5. HP: 34/34 MP: 5/5
  2281 | D:2      | Noticed Natasha
  2285 | D:2      | Killed Natasha
  2285 | D:2      | Reached skill level 5 in Fighting
  2417 | D:3      | Found an opulent altar of Gozag.
  2595 | D:3      | Found a sparkling altar of Nemelex Xobeh.
  2622 | D:3      | Reached XP level 6. HP: 14/40 MP: 6/6
  2938 | D:3      | Found a runed door.
  2954 | D:3      | Noticed Crazy Yiuf
  2963 | D:3      | Killed Crazy Yiuf
  2963 | D:3      | Reached skill level 5 in Dodging
  3169 | D:3      | Found a glowing golden altar of the Shining One.
  3171 | D:3      | Noticed an angel
  3188 | D:3      | Found a basalt altar of Yredelemnul.
  3190 | D:3      | Noticed a profane servitor
  4324 | D:4      | Found a staircase to the Ecumenical Temple.
  4331 | Temple   | Entered the Ecumenical Temple
  4546 | Temple   | Became a worshipper of Warmaster Okawaru
  4887 | D:4      | Reached XP level 7. HP: 39/43 MP: 7/7
  5638 | D:5      | Entered Level 5 of the Dungeon
  5798 | D:5      | Noticed a hand axe
  5799 | D:5      | Noticed a hand axe
  5816 | D:5      | Found a shimmering altar of Xom.
  5817 | D:5      | Found a hazy altar of Hepliaklqana.
  5818 | D:5      | Noticed a spectral ugly thing
  5887 | D:5      | Reached * piety under Okawaru
  5912 | D:5      | Reached XP level 8. HP: 36/52 MP: 8/8
  6018 | D:5      | Found a hide-covered altar of Uskayaw.
  6091 | D:5      | Found a bloodstained altar of Trog.
  6130 | D:5      | Noticed a wizard
  6135 | D:5      | Killed a wizard
  6429 | D:6      | You fall through a shaft for 3 floors!
  6520 | D:9      | Noticed a hippogriff
  6528 | D:9      | Killed a hippogriff
  6528 | D:9      | Reached ** piety under Okawaru
  6734 | D:8      | Noticed a hippogriff
  6764 | D:8      | Killed a hippogriff
  6764 | D:8      | Reached XP level 9. HP: 29/58 MP: 9/9
  7517 | D:7      | Reached *** piety under Okawaru
  8106 | D:6      | Found a deep blue altar of Sif Muna.
  8303 | D:6      | Reached skill level 10 in Crossbows
  8943 | D:7      | Reached XP level 10. HP: 33/66 MP: 10/10
  8955 | D:7      | Received a gift from Okawaru
  9298 | D:7      | Reached skill level 10 in Fighting
  9624 | D:7      | Found a shattered altar of Ashenzari.
  9681 | D:7      | Noticed Joseph
 10435 | D:7      | Reached **** piety under Okawaru
 10558 | D:7      | Killed Joseph
 10558 | D:7      | Received a gift from Okawaru
 11830 | D:7      | Reached skill level 10 in Dodging
 12173 | D:8      | Received a gift from Okawaru
 12505 | D:8      | Gained mutation: You are surrounded by a mild repulsion field. (EV +2) [potion of mutation]
 12505 | D:8      | Gained mutation: You have a pair of small horns on your head. [potion of mutation]
 12505 | D:8      | Gained mutation: You regenerate slowly when monsters are visible. [potion of mutation]
 13134 | D:9      | Found an ancient bone altar of Kikubaaqudgha.
 13195 | D:9      | Reached skill level 1 in Invocations
 13197 | D:9      | Found Huosoaps's Gadget Shop.
 13323 | D:9      | Reached XP level 11. HP: 64/74 MP: 12/12
 13443 | D:9      | Noticed Prince Ribbit
 13509 | D:9      | Killed Prince Ribbit
 13803 | D:9      | Noticed Maurice
 13911 | D:9      | Paralysed by a hornet for 3 turns
 14314 | D:10     | Entered Level 10 of the Dungeon
 14370 | D:10     | Reached skill level 5 in Invocations
 14928 | D:10     | Reached ***** piety under Okawaru
 15079 | D:10     | Found a staircase to the Orcish Mines.
 15149 | D:10     | Received a gift from Okawaru
 15492 | D:9      | Noticed Kave's ghost (novice TrTm)
 15527 | D:9      | Killed Maurice
 16595 | D:10     | Received a gift from Okawaru
 16630 | D:10     | Got distressingly furry quicksilver dragon scales {god gift}
 16641 | D:10     | Identified the quicksilver dragon scales of Greed {+Inv rElec rF- MR+ Stlth+} (Okawaru gifted it to you on level 10 of the Dungeon)
 16821 | D:10     | Found Riuched's Book Shop.
 17148 | D:11     | Found a staircase to the Lair.
 17313 | D:11     | Reached XP level 12. HP: 68/81 MP: 15/15
 18203 | Lair:1   | Entered Level 1 of the Lair of Beasts
 18276 | Lair:1   | Found a dark tunnel.
 19034 | Lair:1   | Noticed a five-headed hydra
 19143 | Lair:1   | Killed a five-headed hydra
 19391 | Lair:2   | Found a hole to the Spider Nest.
 20655 | Lair:2   | Received a gift from Okawaru
 21280 | Lair:3   | Reached XP level 13. HP: 89/89 MP: 16/16
 21452 | Lair:3   | Received a gift from Okawaru
 22094 | Lair:2   | Received a gift from Okawaru
 25428 | Lair:4   | Found a staircase to the Shoals.
 25490 | Lair:4   | Noticed a five-headed hydra
 25612 | Lair:4   | Noticed a four-headed hydra
 25972 | Lair:4   | Reached skill level 15 in Dodging
 26113 | Lair:4   | Killed a four-headed hydra
 26125 | Lair:4   | Killed a five-headed hydra
 26125 | Lair:4   | Reached XP level 14. HP: 84/96 MP: 13/19
 26769 | Lair:4   | Received a gift from Okawaru
 26769 | Lair:4   | Reached skill level 15 in Fighting
 27084 | Lair:4   | Noticed an entropy weaver
 27378 | Lair:4   | Noticed an entropy weaver
 28978 | Lair:5   | Noticed Josephine
 29807 | Lair:5   | Received a gift from Okawaru
 30989 | Lair:4   | Killed Josephine
 31136 | Lair:5   | Reached skill level 15 in Crossbows
 32175 | Lair:6   | Entered Level 6 of the Lair of Beasts
 32706 | Lair:6   | Reached XP level 15. HP: 92/104 MP: 18/20
 32763 | Lair:6   | Found a staircase to the Slime Pits.
 33677 | Lair:6   | Received a gift from Okawaru
 33884 | Lair:6   | Received a gift from Okawaru
 34403 | Lair:6   | Got a translucent copper ring
 34404 | Lair:6   | Identified the cursed ring "Ythuc" {rElec MR+ Int-3 Dex+2 Slay+2} (You found it on level 6 of the Lair of Beasts)
 36287 | Lair:5   | Reached skill level 1 in Armour
 36321 | Lair:5   | Received a gift from Okawaru
 36516 | Lair:1   | Lost mutation: You have a pair of small horns on your head. [potion of cure mutation]
 36516 | Lair:1   | Lost mutation: You regenerate slowly when monsters are visible. [potion of cure mutation]
 36516 | Lair:1   | Lost mutation: You are surrounded by a mild repulsion field. (EV +2) [potion of cure mutation]
 36658 | Orc:1    | Entered Level 1 of the Orcish Mines
 37037 | Orc:1    | Noticed an orc warlord
 37089 | Orc:2    | Entered Level 2 of the Orcish Mines
 37636 | Orc:2    | Reached skill level 1 in Staves
 38004 | Orc:2    | Found a roughly hewn altar of Beogh.
 38330 | Orc:2    | Found a bloodstained altar of Trog.
 38414 | Orc:2    | Found a roughly hewn altar of Beogh.
 39138 | Orc:1    | Killed an orc warlord
 39626 | Orc:2    | Found a staircase to the Elven Halls.
 40482 | Orc:2    | Found a roughly hewn altar of Beogh.
 40483 | Orc:2    | Found Ruclijac's Antique Weapon Shoppe.
 40622 | Orc:2    | Found a roughly hewn altar of Beogh.
 40766 | Orc:2    | Noticed an orc warlord
 40842 | Orc:2    | Killed an orc warlord
 41482 | Orc:2    | Reached XP level 16. HP: 106/112 MP: 21/21
 41483 | Orc:2    | Found Efisogol's Antique Armour Boutique.
 41485 | Orc:2    | Found a roughly hewn altar of Beogh.
 41491 | Orc:2    | Found Opuirr's Antique Weapon Shop.
 41576 | Orc:2    | Found a roughly hewn altar of Beogh.
 41576 | Orc:2    | Found Verchoadu's Antique Weapon Shoppe.
 42708 | D:12     | Received a gift from Okawaru
 43461 | D:13     | Killed from afar by a meliai

Skill      XL: |  1  2  3  4  5  6  7  8  9 10 11 12 13 14 15 |
---------------+----------------------------------------------+-----
Fighting       | 3 4 5 7 8 9 11 12 13 14 16 17 | 17.0
Dodging        | 3 4 6 7 8 10 12 13 15 16 | 16.3
Crossbows      | 5 6 10 11 13 14 15 17 | 17.5
Invocations    | 2 5 7 |  7.5
Armour         | 2 |  2.0
Staves         | 1 |  1.0
Stealth        | |  1.3

Action                   |  1- 3 |  4- 6 |  7- 9 | 10-12 | 13-15 | 16-18 || total
-------------------------+-------+-------+-------+-------+-------+-------++-------
Melee: Short sword       |   100 |    27 |       |       |       |       ||   127
       Dagger            |     1 |    41 |       |       |       |       ||    42
       Quarterstaff      |       |    74 |   292 |   729 |  1265 |   121 ||  2481
       Headbutt          |       |       |       |   120 |   265 |       ||   385
       Spear             |       |       |       |   122 |   172 |       ||   294
       Hand crossbow     |       |       |       |       |     1 |       ||     1
 Fire: Hand crossbow     |    14 |    20 |    13 |   567 |  1135 |       ||  1749
       Arbalest          |       |       |       |       |    49 |    40 ||    89
Throw: Stone             |       |       |       |       |     3 |       ||     3
Invok: Heroism           |       |       |       |     5 |    24 |     2 ||    31
       Finesse           |       |       |       |     2 |    12 |       ||    14
  Use: Scroll            |       |     1 |     8 |     9 |    20 |       ||    38
       Potion            |       |       |     1 |     6 |    19 |     1 ||    27
 Stab: Sleeping          |     3 |     8 |     5 |     8 |     1 |     4 ||    29
       Paralysed         |       |     2 |     8 |     1 |     6 |       ||    17
       Distracted        |       |       |     1 |       |     5 |       ||     6
       Confused          |       |       |     1 |     3 |     1 |       ||     5
       Petrified         |       |       |       |    11 |    26 |       ||    37
       Petrifying        |       |       |       |       |     2 |       ||     2
       Invisible         |       |       |       |       |     6 |       ||     6
  Eat: Chunk             |     8 |    13 |    12 |    55 |    66 |     6 ||   160
       Meat ration       |       |       |       |     1 |       |       ||     1
       Beef jerky        |       |       |       |     1 |       |       ||     1
Armor: Leather armour    |    36 |    16 |    67 |   157 |    78 |    20 ||   374
       Quicksilver drago |       |       |       |    53 |   339 |       ||   392
Dodge: Dodged            |    74 |   102 |   330 |  1223 |  3224 |   223 ||  5176
